 Dungeon Crawl Stone Soup version 0.27-a0-1187-ge80a49f48c (webtiles) character file.

Game seed: 17300916426158005885

18336 ZirzoR the Blocker (level 12, -19/96 (99) HPs)
             Began as a Minotaur Fighter on May 20, 2021.
             Was a Priest of Hepliaklqana.
             Demolished by Frances
             ... wielding a +4 battleaxe of electrocution
              (32 damage)
             ... on level 12 of the Dungeon.
             The game lasted 00:36:45 (15187 turns).

ZirzoR the Blocker (Minotaur Fighter)              Turns: 15187, Time: 00:36:45

HP:   -19/96 (99)   AC: 17    Str: 22    XL:     12   Next: 26%
MP:   0/11          EV: 11    Int:  5    God:    Hepliaklqana [***...]
Gold: 860           SH: 13    Dex: 14    Spells: 11/11 levels left

rFire    + + .     SeeInvis .   i - +3 dagger (vorpal)
rCold    + + .     Faith    .   c - +0 kite shield
rNeg     . . .     Spirit   +   K - +2 chain mail {rPois}
rPois    +         Reflect  .   (helmet restricted)
rElec    +         Harm     .   E - scarf {rC+ rF+}
rCorr    +         Rampage  .   (no gloves)
Will     .....                  k - +2 pair of boots
Stlth    ..........             x - amulet of guardian spirit
HPRegen  0.26/turn              I - ring of resist corrosion
MPRegen  0.12/turn              (no ring)

@: mighty, resistant, lightly drained
A: reduced essence, horns 2, retaliatory headbutt
a: Renounce Religion, Recall Ancestor, Ancestor Identity, Transference


You were on level 12 of the Dungeon.
You worshipped Hepliaklqana.
Hepliaklqana was most pleased with you.
You visited 2 branches of the dungeon, and saw 13 of its levels.
You also visited: Ossuary.

You collected 860 gold pieces.

Inventory:

Hand Weapons
 i - a +3 vorpal dagger (weapon)
Missiles
 v - 7 boomerangs (quivered)
 y - a curare-tipped dart
 z - 3 atropa-tipped darts
Armour
 c - a +0 kite shield (worn)
 k - a +2 pair of boots (worn)
 m - a +1 cloak of preservation
 E - a scarf of resistance (worn)
 H - the +4 scale mail "Romnof" {rN+ rCorr Slay+2}
   (You found it on level 8 of the Dungeon)

   It affects your accuracy and damage with ranged weapons and melee attacks
   (+2).
   It protects you from negative energy.
   It protects you from acid and corrosion.
 K - a +2 chain mail of poison resistance (worn)
Jewellery
 w - a ring of wizardry
 x - an amulet of guardian spirit (around neck)
 F - a ring of ice
 I - a ring of resist corrosion (left hand)
Wands
 b - a wand of polymorph (9)
 p - a wand of flame (32)
 A - a wand of paralysis (20)
 C - a wand of acid (11)
 G - a wand of digging (6)
Scrolls
 e - 4 scrolls of fear
 f - 2 scrolls of teleportation
 h - 2 scrolls of identify
 q - a scroll of vulnerability
 r - 3 scrolls of amnesia
 s - a scroll of enchant weapon
Potions
 a - a potion of degeneration
 d - a potion of might
 g - 2 potions of lignification
 j - a potion of ambrosia
 l - 15 potions of curing
 n - 3 potions of mutation
 t - a potion of berserk rage {unknown}
 u - 2 potions of haste {unknown}
 B - 2 potions of cancellation {unknown}
 D - a potion of attraction {unknown}
 J - 2 potions of heal wounds {unknown}


   Skills:
 + Level 11.5 Fighting
 - Level 9.7(10.0) Short Blades
 - Level 3.6(7.7) Long Blades
 + Level 11.4 Armour
 + Level 9.8 Dodging
 + Level 11.5 Shields


You had 11 spell levels left.
You didn't know any spells.
Your spell library contained the following spells:

 Spells                   Type           Power      Damage    Failure   Level
 Corona                   Hex            0%         N/A       99%         1
 Foxfire                  Conj/Fire      0%         2x1d4     99%         1
 Magic Dart               Conj           0%         1d3       99%         1
 Sandblast                Erth           0%         2d4       99%         1
 Shock                    Conj/Air       0%         1d3       99%         1
 Passwall                 Tmut/Erth      0%         N/A       100%        2
 Searing Ray              Conj           0%         3d3       100%        2
 Slow                     Hex            0%         N/A       100%        2
 Static Discharge         Conj/Air       0%         N/A       100%        2
 Conjure Flame            Conj/Fire      0%         6-21      100%        3
 Dazzling Flash           Conj/Hex       0%         N/A       100%        3
 Inner Flame              Hex/Fire       0%         N/A       100%        3
 Portal Projectile        Hex/Tloc       0%         N/A       100%        3
 Stone Arrow              Conj/Erth      0%         3d7       100%        3
 Swiftness                Air            0%         N/A       100%        3
 Airstrike                Air            0%         N/A       100%        4
 Cause Fear               Hex            0%         N/A       100%        4
 Fulminant Prism          Conj/Hex       0%         3d6       100%        4
 Iskenderun's Mystic Bla  Conj/Tloc      0%         2d3       100%        4
 Leda's Liquefaction      Hex/Erth       0%         N/A       100%        4
 Petrify                  Tmut/Erth      0%         N/A       100%        4
 Sticky Flame             Conj/Fire      0%         2d3       100%        4
 Fireball                 Conj/Fire      0%         3d3       100%        5
 Lee's Rapid Deconstruct  Erth           0%         3d5*      100%        5
 Lightning Bolt           Conj/Air       0%         1d11      100%        5


Dungeon Overview and Level Annotations

Branches:
Dungeon (12/15)            Temple (1/1) D:7            Lair (0/6) D:10
    Orc (0/2) D:9         Ossuary (visited)

Altars:
Ashenzari
Cheibriados
Dithmenos
Elyvilon
Fedhas
Gozag
Hepliaklqana
Kikubaaqudgha
Makhleb
Nemelex Xobeh
Okawaru
Qazlal
Ru
Sif Muna
Trog
Uskayaw
Vehumet
Wu Jian
Xom
Yredelemnul
Zin
The Shining One

Shops:
D:7 *

Annotations:
D:6 exclusion: statue
D:12 Frances


Innate Abilities, Weirdness & Mutations

Your life essence is reduced to manifest your ancestor. (-10% HP)
You have a pair of horns on your head.
You reflexively headbutt those who attack you in melee.


Message History

g - 2 potions of lignification Frances screams a word of power!
As you read the scroll of identify, it crumbles to dust.
j - a potion of ambrosia Frances chants phrases taken from a devil's mouth.
You block the shard of ice.
As you read the scroll of identify, it crumbles to dust.
n - 3 potions of mutation
As you read the scroll of identify, it crumbles to dust.
o - a potion of resistance You feel protected.
The soul eater misses you.
Frances hits you with a +4 battleaxe of electrocution!!
Frances barely misses Humog.
You feel very mighty all of a sudden.
Frances hits you with a +4 battleaxe of electrocution.
Frances hits Humog with a +4 battleaxe of electrocution!!
Humog hits Frances with a +0 dagger of draining.
The soul eater hits you!
You feel drained.
You puncture Frances! Your headbutt misses Frances.
Frances is lightly wounded.
You block Frances's attack.
Frances hits Humog with a +4 battleaxe of electrocution!
Lightning courses through Humog!!
Humog is destroyed!
The soul eater closely misses you.
You barely miss Frances.
Frances is lightly wounded.
Frances mutters in a terrible tongue.
The soul eater misses you.
You hit Frances. Your headbutt misses Frances.
Frances is lightly wounded.
Frances hits you with a +4 battleaxe of electrocution!!
The soul eater disappears in a puff of smoke!
Frances screams a word of power!
The shard of ice hits you!! You partially resist.
* * * LOW HITPOINT WARNING * * *
The chaos spawn hits you but does no damage.
Frances hits you with a +4 battleaxe of electrocution!!
You die...

# #.....# # #.....##+## #
#...†.#...# # +.....#...# #
#.....'...# # #....<#.### #
#....##.#############
###+####....#....4..........
.......)....#...@@4.........
............#..##4...>......
........#####.>##..##.......
........# ....##..# .......
........+ .........+ .......
........#..........# .......
........#..........# .......
........# .......# .......
######### ##+##..# ......#


You could see Frances (fast), 2 chaos spawn and a red devil (summoned).

Vanquished Creatures
  The ghost of Morbidden the Reanimator, a journeyman DsBr of Cheibriados (D:10)
  A boulder beetle (D:12)
  2 two-headed ogres
  A manticore (D:11)
  A gargoyle (D:12)
  2 trolls
  11 yaks
  2 wraiths
  A basilisk (D:12)
  2 steam dragons
  A water moccasin (D:5)
  An ice beast (D:7)
  A black bear (D:7)
  3 orc warriors
  2 necrophages
  An ogre (D:6)
  5 centaurs
  A kobold brigand (D:9)
  2 bullfrogs
  3 elf zombies
  2 gnoll sergeants
  An elf skeleton (D:5)
  A wyvern zombie (D:6)
  3 scorpions
  A water moccasin skeleton (D:6)
  3 wights
  2 jellies
  3 vampire bats (D:7)
  An electric eel (D:7)
  A howler monkey (D:7)
  4 centaur zombies
  A bullfrog skeleton (D:6)
  2 hounds
  2 human zombies (Ossuary)
  An orc priest (D:9)
  Crazy Yiuf (D:3)
  3 iguanas
  A gnoll shaman (D:7)
  4 human skeletons (D:5)
  7 orc wizards
  Ijyb (D:5)
  A killer bee zombie (D:8)
  A hound zombie (D:5)
  A hound skeleton (D:6)
  2 mummies (Ossuary)
  A howler monkey skeleton (D:4)
  4 gnolls
  8 adders
  A white imp (D:7)
  An adder skeleton (D:4)
  2 adder zombies (Ossuary)
  A worm (D:2)
  A dart slug (D:5)
  31 orcs
  3 bat skeletons (D:7)
  3 bat zombies (D:7)
  4 endoplasms
  A giant cockroach (D:1)
  4 goblins
  6 hobgoblins
  14 jackals
  5 quokkas
  6 ball pythons
  4 bats
  6 frilled lizards
  A goblin zombie (Ossuary)
  6 hobgoblin zombies (Ossuary)
  A jackal zombie (Ossuary)
  11 kobolds
  15 kobold zombies (Ossuary)
  7 orc zombies (Ossuary)
  9 rats
  A rat zombie (Ossuary)
251 creatures vanquished.

Vanquished Creatures (collateral kills)
  A hydra (D:12)
  A two-headed ogre (D:12)
  A manticore (D:12)
  An ugly thing (D:11)
  A gargoyle (D:12)
  A komodo dragon (D:10)
  A meliai zombie (D:11)
  3 orc warriors (D:9)
  A kobold brigand (D:11)
  2 wights (D:10)
  2 centaur zombies
  An orc priest (D:9)
  An orc wizard (D:9)
  A howler monkey zombie (D:9)
  4 orcs (D:9)
  2 kobolds (D:9)
24 creatures vanquished.

Vanquished Creatures (others)
  5 hexers
  An ancestor (D:8)
  5 plants
  4 withered plants (D:6)
15 creatures vanquished.

Grand Total: 290 creatures vanquished

Notes
Turn   | Place    | Note
-------+----------+-------------------------------------------
     0 | D:1      | ZirzoR the Minotaur Fighter began the quest for the Orb.
     0 | D:1      | Reached XP level 1. HP: 19/19 MP: 0/0
   183 | D:1      | Reached XP level 2. HP: 27/27 MP: 1/1
   628 | D:1      | Reached XP level 3. HP: 29/33 MP: 2/2
  1676 | D:2      | Reached skill level 1 in Short Blades
  1676 | D:2      | Reached XP level 4. HP: 40/40 MP: 3/3
  2389 | D:3      | Found a runed translucent door.
  2390 | D:3      | Noticed Crazy Yiuf
  2396 | D:3      | Killed Crazy Yiuf
  2511 | D:3      | Found a faded altar of an unknown god.
  2513 | D:3      | Reached XP level 5. HP: 47/47 MP: 4/4
  2636 | D:4      | Found a hide-covered altar of Uskayaw.
  2864 | D:4      | Reached skill level 1 in Dodging
  3197 | D:5      | Entered Level 5 of the Dungeon
  3197 | D:5      | Noticed Ijyb
  3206 | D:5      | Killed Ijyb
  3207 | D:5      | Reached XP level 6. HP: 45/53 MP: 5/5
  3406 | D:5      | Reached skill level 5 in Fighting
  3406 | D:5      | Reached skill level 5 in Shields
  3428 | D:5      | Found a sand-covered staircase.
  3435 | D:5      | Reached skill level 5 in Armour
  3438 | Ossuary  | Entered an ossuary
  3662 | Ossuary  | Reached XP level 7. HP: 32/61 MP: 6/6
  4215 | D:5      | Found a bloodstained altar of Trog.
  4256 | D:5      | Reached skill level 5 in Short Blades
  4487 | D:5      | Reached XP level 8. HP: 56/70 MP: 7/7
  5023 | D:6      | Found a burning altar of Makhleb.
  5580 | D:6      | Noticed a troll
  5599 | D:6      | Killed a troll
  5840 | D:6      | Reached XP level 9. HP: 68/78 MP: 8/8
  5995 | D:6      | Found a radiant altar of Vehumet.
  6389 | D:7      | Found Zin's Purification Station.
  6392 | D:7      | Found a glowing silver altar of Zin.
  6787 | D:7      | Found a shimmering blue altar of Sif Muna.
  6876 | D:7      | Found a staircase to the Ecumenical Temple.
  6910 | Temple   | Entered the Ecumenical Temple
  7152 | Temple   | Became a worshipper of Hepliaklqana the Forgotten
  7243 | D:7      | Reached skill level 5 in Dodging
  7556 | D:7      | Found an ancient bone altar of Kikubaaqudgha.
  8270 | D:8      | Reached * piety under Hepliaklqana
  8425 | D:8      | Noticed a two-headed ogre
  8444 | D:8      | Killed a two-headed ogre
  8675 | D:8      | Found a white marble altar of Elyvilon.
  8772 | D:8      | Identified the +4 scale mail "Romnof" {rN+ rCorr Slay+2}
  8825 | D:8      | Found a basalt altar of Yredelemnul.
  8881 | D:8      | Found a broken altar of Ashenzari.
  9053 | D:9      | Reached XP level 10. HP: 66/79 MP: 9/9
  9144 | D:9      | Found an iron altar of Okawaru.
  9302 | D:9      | Identified the +3 spear of Vuir {vorpal, Contam Will+ Str+2
                  | Dex+4}
  9403 | D:9      | Reached ** piety under Hepliaklqana
  9412 | D:9      | Remembered your ancestor Humog as a hexer
  9459 | D:9      | Found a faded altar of an unknown god.
 10092 | D:9      | Found a staircase to the Orcish Mines.
 10504 | D:10     | Entered Level 10 of the Dungeon
 10564 | D:10     | Reached skill level 10 in Fighting
 10564 | D:10     | Reached skill level 10 in Armour
 10564 | D:10     | Reached skill level 10 in Shields
 10564 | D:10     | Reached XP level 11. HP: 89/89 MP: 10/10
 11329 | D:10     | Found a glowing golden altar of the Shining One.
 12163 | D:10     | Found a staircase to the Lair.
 12298 | D:11     | Noticed a two-headed ogre
 12313 | D:11     | Killed a two-headed ogre
 13187 | D:11     | Reached *** piety under Hepliaklqana
 13193 | D:11     | Noticed a cyan ugly thing
 13207 | D:11     | Killed a cyan ugly thing
 13684 | D:11     | Found a runed translucent gate.
 13684 | D:11     | Found a runed translucent gate.
 13685 | D:11     | Found a runed translucent gate.
 13685 | D:11     | Noticed a nine-headed hydra
 13685 | D:11     | Noticed an 11-headed hydra
 13686 | D:11     | Noticed Morbidden's ghost (journeyman DsBr)
 13772 | D:10     | Killed Morbidden's ghost
 14282 | D:12     | Reached XP level 12. HP: 74/99 MP: 8/11
 14290 | D:12     | Noticed a two-headed ogre
 14300 | D:12     | Killed a two-headed ogre
 14867 | D:12     | Noticed a five-headed hydra
 14877 | D:12     | Killed a five-headed hydra
 15017 | D:12     | Noticed a boulder beetle
 15053 | D:12     | Killed a boulder beetle
 15172 | D:12     | Noticed Frances
 15187 | D:12     | Demolished by Frances

Illustrated notes

Levels and vault maps discovered:
D:1:      lemuel_arrival_funnel, layout_basic, minmay_pentomino_v2
D:2:      layout_basic
D:3:      layout_basic, ebering_ecumenical_altar_sacrificial,
          uniq_crazy_yiuf_cottage
D:4:      layout_cave_pools, nicolae_overflow_crystal_walls
D:5:      layout_loops_ring, kennysheep_little_box,
          nicolae_ossuary_entry_catacombs, uniq_ijyb
D:6:      layout_gridville, vehumet_statue, makhleb_blood_cavern_becter,
          serial_undead, serial_undead_c, serial_undead_e, serial_undead_d,
          serial_undead_b
D:7:      layout_layer_cave, zin_purify, kennysheep_vampire_church,
          overflow_temple_1_default, minmay_temple_entry_water_ring,
          amcnicky_mini_pool_medium
D:8:      layout_rooms, kennysheep_ying_yang, general_overflow_altar,
          kennysheep_generic_room_6
D:9:      layout_cave_pods, lemuel_crystal_altar, david_orc_4,
          serial_column_ruins, column_ruins_hut, column_ruins_temple_circle,
          column_ruins_corridor_straight, column_ruins_corridor_straight,
          column_ruins_open_small, column_ruins_columns_straight,
          column_ruins_open_tiny, column_ruins_grid_3, column_ruins_open_medium
D:10:     layout_irregular_city, old_standard_altar, david_lair_shrubbed
D:11:     layout_cave_pods, gammafunk_ghost_hydra_chop
D:12:     layout_gridville, uniq_frances
Temple:   jpeg_temple_alley_garden

Skill      XL: |  1  2  3  4  5  6  7  8  9 10 11 |
---------------+----------------------------------+-----
Long Blades    | 3 |  3.6
Fighting       | 4 5 6 8 10 11 | 11.5
Armour         | 4 5 6 8 10 11 | 11.4
Shields        | 4 5 6 8 10 11 | 11.5
Short Blades   | 1 2 3 4 5 7 9 |  9.7
Dodging        | 1 2 3 4 5 8 9 |  9.8

Action                   |  1- 3 |  4- 6 |  7- 9 | 10-12 || total
-------------------------+-------+-------+-------+-------++-------
Melee: Long sword        |    58 |       |       |       ||    58
       Headbutt          |    11 |    65 |   109 |   125 ||   310
       Dagger            |    15 |   246 |   447 |   397 ||  1105
Invok: Ancestor Identity |       |       |     1 |       ||     1
       Ancestor Life: He |       |       |       |     1 ||     1
       Recall Ancestor   |       |       |       |     1 ||     1
  Use: Scroll            |       |       |       |    20 ||    20
       Potion            |       |       |       |     4 ||     4
 Stab: Distracted        |       |       |     2 |     4 ||     6
       Confused          |       |       |       |     8 ||     8
Armor: Scale mail        |    40 |    14 |       |       ||    54
       Ring mail         |       |    55 |   141 |    13 ||   209
       Chain mail        |       |       |       |    92 ||    92
Dodge: Dodged            |    24 |    44 |   157 |    83 ||   308
Block: Kite shield       |    45 |   110 |   207 |   150 ||   512
       Rpst.: Long sword |     4 |       |       |       ||     4

Table legend: (Time is in decaauts)
 A = Elapsed time spent in this place.
 B = Non-inter-level travel time spent in this place.
 C = Inter-level travel time spent in this place.
 D = Time resting spent in this place.
 E = Time spent auto-exploring this place.
 F = Levels seen in this place.
 G = Mean time per level.
                   A        B        C        D        E       F      G
               +--------+--------+--------+--------+--------+-----+--------+
         Total |  15005 |  14536 |    469 |    492 |  10995 |  14 | 1071.8 |
       Dungeon |  14119 |  13697 |    422 |    492 |  10450 |  12 | 1176.6 |
        Temple |    275 |    228 |     47 |      0 |    179 |   1 |  275.0 |
       Ossuary |    610 |    610 |      0 |      0 |    366 |   1 |  610.0 |
               +--------+--------+--------+--------+--------+-----+--------+

Top non-repeatable levels by time:
     D:9: 1714 daAuts
     D:7: 1570 daAuts
    D:11: 1560 daAuts
    D:10: 1470 daAuts
     D:6: 1385 daAuts
     D:5: 1151 daAuts
     D:8: 1123 daAuts
     D:2: 997 daAuts
     D:1: 983 daAuts
    D:12: 902 daAuts
     D:3: 639 daAuts
     D:4: 620 daAuts
 Ossuary: 610 daAuts
  Temple: 275 daAuts
